 Dungeon Crawl Stone Soup version 0.19.0-2-gae57169 (webtiles) character file.

96 Leibowitz the Poker (level 4, -4/34 HPs)
             Began as a Merfolk Gladiator on Nov 6, 2016.
             Slain by a gnoll
             ... wielding a +0 flail
              (12 damage)
             ... on level 2 of the Dungeon.
             The game lasted 00:02:53 (1361 turns).

Leibowitz the Poker (Merfolk Gladiator)             Turns: 1361, Time: 00:02:54

Health: -4/34      AC:  4    Str: 19    XL:     4   Next: 67%
Magic:  4/4        EV: 14    Int:  7    God:
Gold:   95         SH:  0    Dex: 15    Spells: 0 memorised, 3 levels left

rFire  . . .     SeeInvis .     a - +0 trident
rCold  . . .     Gourm    .     b - +0 leather armour
rNeg   . . .     Faith    .     (no shield)
rPois  .         Spirit   .     c - +0 helmet
rElec  .         Reflect  .     (no cloak)
rCorr  .         Harm     .     (no gloves)
MR     .....                    (no boots)
Stlth  +.........               (no amulet)
                                (no ring)
                                j - +4 ring of strength

@: no status effects
A: change form in water, swift swim, stealthy swim
a: no special abilities


You were on level 2 of the Dungeon.
You were hungry.

You visited 1 branch of the dungeon, and saw 2 of its levels.

You collected 95 gold pieces.

Inventory:

Hand Weapons
 a - a +0 trident (weapon)
Missiles
 d - 3 throwing nets (quivered)
 e - 8 poisoned needles
Armour
 b - a +0 leather armour (worn)
 c - a +0 helmet (worn)
Jewellery
 j - a +4 ring of strength (left hand)
Scrolls
 i - a scroll of enchant armour {unknown}
 m - 3 scrolls of identify {unknown}
 n - a scroll of amnesia {unknown}
 o - a scroll of noise {unknown}
 p - 3 scrolls of teleportation {unknown}
 q - a scroll of magic mapping {unknown}
 r - 3 scrolls of fear {unknown}
 t - a scroll of recharging {unknown}
Potions
 g - a potion of resistance {unknown}
 h - a potion of heal wounds {unknown}
 l - 2 potions of flight {unknown}
 s - a potion of mutation {unknown}
Comestibles
 f - 3 bread rations
 k - a slice of pizza


   Skills:
 + Level 2.7 Fighting
 + Level 6.0 Polearms
 + Level 2.2 Throwing
 + Level 1.0 Armour
 + Level 4.6 Dodging


You had 3 spell levels left.
You didn't know any spells.

Dungeon Overview and Level Annotations

Branches:
Dungeon (2/15)

Altars:


Message History

You hit the gnoll.
The gnoll is moderately wounded.
The gnoll hits you with a flail!
* * * LOW HITPOINT WARNING * * *
You barely miss the gnoll.
The gnoll is moderately wounded.
The gnoll misses you.
You hit the gnoll.
The gnoll is heavily wounded.
The gnoll hits you with a flail.
* * * LOW HITPOINT WARNING * * *
You closely miss the gnoll.
The gnoll is heavily wounded.
You hit the gnoll.
The gnoll is almost dead.
The gnoll barely misses you.
You hit the gnoll but do no damage.
The gnoll is almost dead.
The gnoll hits you with a flail!
You die...

#... ### #)## ..# #.#. #.#
#.#. #.# #.#. #.# #†#. #. #)#
#.#.
.#.###.######g############.#.
.....#......@>.$.............
..#.########.########.###.##
...........)......[.......#
#..........########.######
#..........##..........)..
#..........##.#####.######
....##.####..##.# #.# ### .##
#.# #..##.# #.# #.. #.#
#..##.#####.####..


You could see a gnoll.

Vanquished Creatures
  3 gnolls (D:2)
  An adder (D:2)
  2 oozes (D:1)
  3 worms (D:2)
  A leopard gecko (D:1)
  3 bats
  2 giant cockroaches (D:1)
  6 goblins
  4 hobgoblins
  4 jackals
  5 kobolds
  A quokka (D:2)
  2 frilled lizards
  4 rats (D:1)
41 creatures vanquished.

Notes
Turn   | Place    | Note
-------+----------+-------------------------------------------
     0 | D:1      | Leibowitz the Merfolk Gladiator began the quest for the Orb.
     0 | D:1      | Reached XP level 1. HP: 16/16 MP: 1/1
    53 | D:1      | Reached XP level 2. HP: 22/22 MP: 2/2
   267 | D:1      | Reached skill level 5 in Polearms
   544 | D:1      | Reached XP level 3. HP: 28/28 MP: 3/3
  1181 | D:2      | Reached XP level 4. HP: 23/34 MP: 4/4
  1352 | D:2      | Reached skill level 1 in Armour
  1355 | D:2      | Reached skill level 6 in Polearms
  1361 | D:2      | Slain by a gnoll

Skill      XL: |  1  2  3  4 |
---------------+-------------+-----
Polearms       | 5 6 |  6.0
Armour         | 1 |  1.0
Fighting       | |  2.7
Throwing       | |  2.2
Dodging        | |  4.6

Action                   |  1- 3 |  4- 6 || total
-------------------------+-------+-------++-------
Melee: Trident           |    87 |    42 ||   129
  Eat: Chunk             |     1 |       ||     1
Armor: Leather armour    |    18 |     3 ||    21
Dodge: Dodged            |    46 |    28 ||    74
